[Event "Titled Tuesday Blitz November 29 Late 2022"]
[White "Gatterer, Florian"]
[Black "Espinosa, Pedro"]
[WhiteFideId "811688"]
[BlackFideId "30921066"]
[WhiteElo "2218"]
[BlackElo "2016"]
[Result "1/2-1/2"]
[Round "10"]
[TimeControl "180+1"]
[Date "2022.11.30"]
[WhiteClock "0:00:07"]
[BlackClock "0:00:03"]

1. b3 d5 2. Bb2 Nf6 3. g3 e6 4. Bg2 Be7 5. Nf3 O-O 6. O-O b6 7. d3 Bb7 8. c4 Nbd7 9. Nbd2 c5 10. Re1 d4 11. e4 dxe3 12. fxe3 Qc7 13. d4 Rac8 14. a4 Rfd8 15. Qe2 Nf8 16. Rf1 Ng6 17. Rad1 cxd4 18. exd4 Bb4 19. Ng5 Bxg2 20. Qxg2 Bxd2 21. Rxd2 h6 22. Ne4 Nxe4 23. Qxe4 Ne7 24. Rdf2 Nf5 25. g4 Nd6 26. Qe5 Re8 27. d5 f6 28. Rxf6 gxf6 29. Qxf6 Qh7 30. g5 Ne4 31. Qe5 Nxg5 32. h4 exd5 33. Qxd5+ Nf7 34. Qg2+ Kf8 35. Ba3+ Rc5 36. Bxc5+ bxc5 37. Qf3 Qg6+ 38. Kh1 Re7 39. Qf2 Qe4+ 40. Kh2 Qe5+ 41. Kh1 Qe4+ 42. Kh2 Qe2 43. Kg3 Re3+ 44. Kf4 Qxf2+ 45. Rxf2 Rxb3 46. Kf5 Rb6 47. Ke4 Ke7 48. Kd5 Ra6 49. Kxc5 Rxa4 50. Rg2 Ra3 51. Re2+ Kf6 52. Rf2+ Ke6 53. Re2+ Ne5 54. h5 Kf5 55. Rf2+ Kg5 56. Rg2+ Ng4 57. Kd6 Kxh5 58. c5 Rd3+ 59. Kc7 Kg5 60. c6 h5 61. Kb7 Rb3+ 62. Kxa7 Rc3 63. Kb7 Rb3+ 64. Ka7 Rc3 65. Kb7 h4 66. c7 h3 67. Re2 Rb3+ 68. Ka8 Rc3 69. Kb8 h2 70. Rxh2 Rb3+ 71. Ka8 Ra3+ 72. Kb7 Rb3+ 73. Ka6 Rc3 74. Kb7 Nxh2 75. c8=Q Rxc8 76. Kxc8 1/2-1/2


[Site "https://www.chess.com"]

[Event "Titled Tuesday Blitz November 29 Late 2022"]
[White "Goncalves, Davi Sulzbacher"]
[Black "Hjartarson, Johann"]
[WhiteFideId "2154510"]
[BlackFideId "2300044"]
[WhiteElo "2182"]
[BlackElo "2458"]
[Result "0-1"]
[Round "10"]
[TimeControl "180+1"]
[Date "2022.11.30"]
[WhiteClock "0:00:03"]
[BlackClock "0:00:07"]

1. Nf3 Nf6 2. d4 g6 3. c4 Bg7 4. Nc3 O-O 5. e4 d6 6. Be2 e5 7. O-O Nc6 8. d5 Ne7 9. b4 a5 10. Ba3 axb4 11. Bxb4 Re8 12. c5 dxc5 13. Bxc5 c6 14. d6 Qa5 15. Na4 Qxa4 16. dxe7 Nxe4 17. Bb6 Be6 18. Qxa4 Rxa4 19. Rfd1 Bd5 20. Bd8 Bf6 21. Rxd5 Nc3 22. Rd6 Nxe2+ 23. Kf1 e4 24. Rxf6 exf3 25. Rxf3 Nd4 26. Rf4 c5 27. g4 Ra6 28. Rc1 Ne6 29. Rf6 Rxa2 30. Rxe6 fxe6 31. Rxc5 Kf7 32. Rb5 Ra7 33. Kg2 Rxe7 34. Bxe7 Kxe7 35. Rb6 Kd7 36. h3 e5 37. Rb5 Kd6 38. Kf3 Ra3+ 39. Kg2 Ra7 40. g5 Kc6 41. Rxe5 b5 42. Re6+ Kc5 43. Re5+ Kc4 44. Re4+ Kd5 45. Rh4 Rb7 46. Rb4 Kc5 47. Rb1 b4 48. Kf3 Kc4 49. Ke3 Kc3 50. Rc1+ Kb2 51. Rc6 b3 52. f4 Rd7 53. Rb6 Kc2 54. Ke4 b2 55. f5 gxf5+ 56. Kxf5 b1=Q 57. Rxb1 Kxb1 58. h4 Kc2 59. h5 Rd5+ 60. Kf6 Kd3 61. g6 h6 62. Kg7 Rxh5 63. Kh7 Ke4 64. g7 Rg5 65. Kxh6 Kf5 66. Kh7 Rh5+ 67. Kg8 Kg6 68. Kf8 Rf5+ 69. Kg8 Ra5 70. Kh8 Rh5+ 71. Kg8 Rh7 0-1


[Site "https://www.chess.com"]

[Event "Titled Tuesday Blitz November 29 Late 2022"]
[White "Gonzalez, Francisco Silva"]
[Black "Preotu, Razvan"]
[WhiteFideId "1512285"]
[BlackFideId "2613280"]
[WhiteElo "2159"]
[BlackElo "2407"]
[Result "0-1"]
[Round "10"]
[TimeControl "180+1"]
[Date "2022.11.30"]
[WhiteClock "0:00:34"]
[BlackClock "0:00:19"]

1. d4 Nf6 2. c4 g6 3. Nc3 d5 4. Bf4 Bg7 5. Nf3 O-O 6. e3 c5 7. dxc5 Ne4 8. Rc1 Nd7 9. cxd5 Nxc3 10. bxc3 Qa5 11. Nd4 Qxa2 12. c6 Nc5 13. c4 Qa5+ 14. Ke2 e5 15. dxe6 Nxe6 16. Nxe6 fxe6 17. Qd6 e5 18. Bg5 Qa2+ 19. Kd1 Qb3+ 20. Ke2 Qb2+ 21. Kd1 Bg4+ 22. f3 Rxf3 23. Rc2 Rxf1+ 24. Kd2 Rf2+ 25. Ke1 Qxc2 26. Qd5+ Kh8 27. Qd3 Re2+ 28. Kf1 Qc1+ 29. Qd1 Qxd1# 0-1


[Site "https://www.chess.com"]

[Event "Titled Tuesday Blitz November 29 Late 2022"]
[White "Graif, William"]
[Black "Rian, Kapriaga"]
[WhiteFideId "2609835"]
[BlackFideId "7103263"]
[WhiteElo "2205"]
[BlackElo "2351"]
[Result "1-0"]
[Round "10"]
[TimeControl "180+1"]
[Date "2022.11.30"]
[WhiteClock "0:00:09"]
[BlackClock "0:00:01"]

1. e4 c6 2. d4 d5 3. Nc3 dxe4 4. Bc4 Nf6 5. f3 e3 6. Bxe3 Bf5 7. Nge2 e6 8. g4 Bg6 9. Nf4 Bd6 10. h4 Qc7 11. Qd2 b5 12. Bb3 a5 13. a4 b4 14. Nce2 h6 15. Nxg6 fxg6 16. Bxe6 Nbd7 17. O-O-O O-O-O 18. Qd3 Kb8 19. Qxg6 Nb6 20. Bb3 Rhe8 21. Qd3 Nfd5 22. Bd2 Re7 23. Rhe1 Rde8 24. Kb1 Nd7 25. Nc1 N7b6 26. Rxe7 Rxe7 27. Re1 Kb7 28. h5 Qd7 29. Rxe7 Qxe7 30. Qe4 Qxe4 31. fxe4 Nf6 32. e5 Bxe5 33. dxe5 Nxg4 34. e6 Kc7 35. Nd3 Kd6 36. c3 c5 37. cxb4 axb4 38. a5 Nc8 39. a6 Nf6 40. Bf4+ Ke7 41. Nxc5 1-0


[Site "https://www.chess.com"]

[Event "Titled Tuesday Blitz November 29 Late 2022"]
[White "Gubajdullin, Alexei"]
[Black "Arnold, Ken"]
[WhiteFideId "4141202"]
[BlackFideId "2056836"]
[WhiteElo "2230"]
[BlackElo "2396"]
[Result "1-0"]
[Round "10"]
[TimeControl "180+1"]
[Date "2022.11.30"]
[WhiteClock "0:00:17"]
[BlackClock "0:00:02"]

1. Nf3 d5 2. g3 c6 3. Bg2 Nf6 4. O-O Bg4 5. d3 Nbd7 6. c4 e6 7. Qb3 Qb6 8. Be3 Bc5 9. Bxc5 Nxc5 10. Qa3 a5 11. Nc3 Qb4 12. cxd5 Nxd5 13. Rfc1 Nd7 14. Ne4 O-O 15. Nd6 Rfb8 16. Rc4 Qb6 17. Rxg4 Nb4 18. Rc1 Nf6 19. Rgc4 Nfd5 20. e4 Ne7 21. R4c3 Qd8 22. Nc4 b5 23. Nce5 Rb6 24. Qb3 Qd6 25. a3 Na6 26. d4 a4 27. Qd1 f6 28. Nd3 Rd8 29. Nc5 b4 30. axb4 Nxb4 31. Qxa4 Rb5 32. e5 fxe5 33. dxe5 Qb8 34. Nxe6 Rdd5 35. Nf4 Rd7 36. e6 Ra7 37. Qd1 Na2 38. Rxc6 Nxc1 39. Rxc1 Rxb2 40. Nd5 Nxd5 41. Qxd5 Re7 42. Rd1 h6 43. Qd8+ Qxd8 44. Rxd8+ Kh7 45. Nd4 Rd2 46. Be4+ g6 47. h4 Rd1+ 48. Kg2 Re1 49. Bc2 Kg7 50. h5 Rc7 51. hxg6 Re5 52. e7 1-0


[Site "https://www.chess.com"]

[Event "Titled Tuesday Blitz November 29 Late 2022"]
[White "Gurevich, Dmitry"]
[Black "Hambleton, Aman"]
[WhiteFideId "2000407"]
[BlackFideId "2606577"]
[WhiteElo "2506"]
[BlackElo "2538"]
[Result "0-1"]
[Round "10"]
[TimeControl "180+1"]
[Date "2022.11.30"]
[WhiteClock "0:01:42"]
[BlackClock "0:00:31"]

1. d4 Nf6 2. c4 c5 3. Nf3 cxd4 4. Nxd4 b6 5. Nc3 Bb7 6. f3 d6 7. e4 e6 8. Be3 a6 9. Be2 Nbd7 10. O-O Qc7 11. Qd2 Be7 12. Rfc1 O-O 13. a4 Rab8 14. b4 Rfc8 15. a5 bxa5 16. Rxa5 d5 17. c5 dxe4 18. Nxe4 Nxe4 19. fxe4 Bxe4 20. Bxa6 Rd8 21. Bf1 Nf6 22. Qe1 Ng4 23. Nb5 Qxh2# 0-1


[Site "https://www.chess.com"]

[Event "Titled Tuesday Blitz November 29 Late 2022"]
[White "Han, Yichen"]
[Black "Wirig, Anthony"]
[WhiteFideId "1054430"]
[BlackFideId "615013"]
[WhiteElo "2323"]
[BlackElo "2487"]
[Result "1/2-1/2"]
[Round "10"]
[TimeControl "180+1"]
[Date "2022.11.30"]
[WhiteClock "0:00:05"]
[BlackClock "0:00:12"]

1. e4 g6 2. d4 Bg7 3. Nc3 c6 4. Be3 Qb6 5. Rb1 Qc7 6. Qd2 d6 7. Nf3 Bg4 8. Be2 Bxf3 9. Bxf3 Nd7 10. O-O Ngf6 11. Bh6 O-O 12. Bxg7 Kxg7 13. Rbd1 e5 14. g3 Rad8 15. h4 h5 16. b3 Rfe8 17. d5 cxd5 18. Nxd5 Nxd5 19. Qxd5 Nf6 20. Qd3 d5 21. Qe2 d4 22. Rc1 Qc3 23. Kg2 Rc8 24. Rfd1 Re7 25. a4 a6 26. Qd2 Qxd2 27. Rxd2 Rc3 28. Re1 Rec7 29. Bd1 Nd7 30. f4 f6 31. f5 Nc5 32. g4 gxf5 33. exf5 hxg4 34. Bxg4 Kh6 35. Kh2 Rg7 36. Rg2 Ne4 37. Rxe4 a5 38. Ree2 b6 39. Rd2 Re3 40. Bh3 Rxg2+ 41. Rxg2 Kh5 42. Rg6 Kxh4 43. Bg2 Re2 44. Rxf6 Kg5 45. Rf8 Rxc2 46. f6 Kg6 47. Kg3 Re2 48. Bf3 Re3 49. Kf2 e4 50. Bg4 Rxb3 51. Be6 Rf3+ 52. Ke2 Rxf6 53. Rxf6+ Kxf6 54. Bc8 Ke5 55. Kd2 Kd5 56. Bd7 Kc4 57. Bc6 e3+ 58. Ke2 Kc3 59. Bb5 Kc2 60. Bd3+ Kb3 61. Bb5 Kc3 62. Bd3 Kb4 63. Bb5 Kc3 64. Ba6 Kc2 65. Bb5 Kc3 1/2-1/2


[Site "https://www.chess.com"]

[Event "Titled Tuesday Blitz November 29 Late 2022"]
[White "Hardaway, Brewington"]
[Black "Salman, Pavel"]
[WhiteFideId "30941849"]
[BlackFideId "24153753"]
[WhiteElo "2159"]
[BlackElo "2187"]
[Result "1-0"]
[Round "10"]
[TimeControl "180+1"]
[Date "2022.11.30"]
[WhiteClock "0:00:34"]
[BlackClock "0:00:10"]

1. Nf3 c5 2. e4 e6 3. Nc3 a6 4. d4 cxd4 5. Nxd4 Qc7 6. g3 Nf6 7. Bg2 Be7 8. O-O d6 9. a4 O-O 10. g4 Nc6 11. g5 Nd7 12. Be3 Nde5 13. b3 Nxd4 14. Qxd4 Ng4 15. Bd2 Qc5 16. Qxc5 dxc5 17. f4 c4 18. Nd1 Bc5+ 19. Kh1 Rd8 20. b4 Ba7 21. Bc3 e5 22. f5 h6 23. h3 Ne3 24. Nxe3 Bxe3 25. gxh6 Bxh6 26. Bxe5 Bd7 27. a5 Bc6 28. Bc3 Re8 29. Rfe1 Rad8 30. Re2 Bf4 31. e5 Bxg2+ 32. Kxg2 Rd5 33. Rae1 g6 34. Kf3 Bh6 35. fxg6 fxg6 36. Ke4 Rd7 37. Rg2 Kh7 38. Rf1 Bg7 39. Rf4 Re6 40. Rh4+ Kg8 41. Rhg4 Kh7 42. Re2 Rd1 43. Rf4 Rh1 44. Kd5 Re8 45. Rf7 Rxh3 46. Bd4 Rd8+ 47. Kxc4 Kg8 48. Rxb7 Rc8+ 49. Bc5 Rh4+ 50. Kd5 Rh5 51. Bd6 g5 52. c4 g4 53. c5 g3 54. Rg2 Rg5 55. Ke6 Bxe5 56. Bxe5 Re8+ 57. Re7 Rxe7+ 58. Kxe7 Rxe5+ 59. Kd6 Re3 60. c6 Kf7 61. c7 Rc3 62. Kd7 Rd3+ 63. Kc6 Ke7 64. c8=Q Rc3+ 65. Kb7 Rxc8 66. Kxc8 Kd6 67. Rxg3 Kc6 68. Rg5 1-0


[Site "https://www.chess.com"]

[Event "Titled Tuesday Blitz November 29 Late 2022"]
[White "Ibarra Jerez, Jose Carlos"]
[Black "Mekhitarian, Krikor Sevag"]
[WhiteFideId "2226332"]
[BlackFideId "2107660"]
[WhiteElo "2638"]
[BlackElo "2604"]
[Result "1-0"]
[Round "10"]
[TimeControl "180+1"]
[Date "2022.11.30"]
[WhiteClock "0:02:45"]
[BlackClock "0:02:31"]

1. Nf3 d5 2. g3 Nc6 3. d4 Bf5 4. Bg2 e6 5. O-O h6 6. c4 Nf6 7. Qb3 Rb8 8. cxd5 exd5 9. Ne5 Nxd4 10. Qa4+ Nc6 11. Nxc6 Qd7 12. Qxa7 1-0


[Site "https://www.chess.com"]

[Event "Titled Tuesday Blitz November 29 Late 2022"]
[White "Janaszak, Dawid"]
[Black "Qashashvili, Alexandre"]
[WhiteFideId "1119206"]
[BlackFideId "13600842"]
[WhiteElo "2226"]
[BlackElo "2405"]
[Result "1-0"]
[Round "10"]
[TimeControl "180+1"]
[Date "2022.11.30"]
[WhiteClock "0:00:21"]
[BlackClock "0:00:04"]

1. e4 c6 2. d4 d5 3. exd5 cxd5 4. Bd3 Nf6 5. c3 Nc6 6. Bf4 Bg4 7. Qb3 Qb6 8. h3 Qxb3 9. axb3 Bh5 10. b4 Bg6 11. Be2 e6 12. Nf3 Be7 13. Na3 a6 14. Nh4 Ne4 15. Nxg6 hxg6 16. Bd3 Kd7 17. Nc4 dxc4 18. Bxe4 Bd6 19. Be3 f5 20. Bf3 Kc7 21. Be2 b5 22. Bf3 f4 23. Bd2 g5 24. O-O Ra7 25. Rfe1 Kd7 26. Bxc6+ Kxc6 27. Rxe6 Rh6 28. Re8 Kd5 29. f3 Re6 30. Rd8 Re2 31. Rd1 Kc6 32. Kf1 Ree7 33. Rc8+ Kd7 34. Rg8 Kc6 35. Be1 a5 36. d5+ Kb6 37. Bf2+ Ka6 38. Bxa7 Rxa7 39. Ra1 a4 40. Rc8 Kb7 41. Rc6 Be5 42. Re1 Bf6 43. Rc5 a3 44. Rxb5+ Kc7 45. Rc5+ Kd7 46. bxa3 Rxa3 47. Rxc4 Rb3 48. Rc1 Rb2 49. Rc6 Be5 50. Ra1 Bxc3 51. Ra7+ Kd8 52. Rxc3 Rb1+ 53. Ke2 Rxb4 54. Kd3 Rb7 55. Rxb7 1-0


[Site "https://www.chess.com"]

[Event "Titled Tuesday Blitz November 29 Late 2022"]
[White "Jobava, Baadur"]
[Black "Hansen, Eric"]
[WhiteFideId "13601520"]
[BlackFideId "2606771"]
[WhiteElo "2582"]
[BlackElo "2568"]
[Result "1-0"]
[Round "10"]
[TimeControl "180+1"]
[Date "2022.11.30"]
[WhiteClock "0:00:01"]
[BlackClock "0:00:03"]

1. e4 c5 2. Nf3 e6 3. d3 d5 4. Nbd2 Nc6 5. g3 Bd6 6. Bg2 Nge7 7. O-O O-O 8. Re1 b5 9. exd5 exd5 10. c4 Nb4 11. Bf1 Bf5 12. cxd5 Nxd3 13. Bxd3 Bxd3 14. Ne4 c4 15. Nxd6 Qxd6 16. Bf4 Qd8 17. d6 Ng6 18. Qd2 Qf6 19. d7 Qc6 20. Ne5 Nxe5 21. Rxe5 Qxd7 22. Rae1 f6 23. Re7 Qd5 24. h4 h5 25. a3 Rf7 26. R7e3 Rd7 27. Qc3 Bf5 28. Kh2 a6 29. Re7 Rad8 30. Qe3 Rxe7 31. Qxe7 Kh7 32. Qc7 Rd7 33. Qb6 Qf3 34. Qe3 Qd5 35. Qb6 Rb7 36. Qe3 a5 37. Qe2 b4 38. Qxh5+ Kg8 39. Re8# 1-0


[Site "https://www.chess.com"]

[Event "Titled Tuesday Blitz November 29 Late 2022"]
[White "Kamsky, Gata"]
[Black "Tanenbaum, Zachary"]
[WhiteFideId "2000024"]
[BlackFideId "2060850"]
[WhiteElo "2666"]
[BlackElo "2175"]
[Result "1-0"]
[Round "10"]
[TimeControl "180+1"]
[Date "2022.11.30"]
[WhiteClock "0:00:05"]
[BlackClock "0:00:04"]

1. d4 d5 2. Bf4 Nf6 3. e3 c5 4. c3 Nc6 5. Nd2 Qb6 6. Qb3 c4 7. Qc2 Bf5 8. Qxf5 Qxb2 9. Qb1 Qxc3 10. Ne2 Qb4 11. a3 Qxb1+ 12. Rxb1 b6 13. Nc3 e6 14. Ra1 a6 15. Be2 b5 16. O-O Kd7 17. Nf3 Bd6 18. Ne5+ Bxe5 19. dxe5 Ne8 20. Rfd1 Nc7 21. Ne4 a5 22. a4 b4 23. Bxc4 Kc8 24. Nd6+ Kd7 25. Nxf7 Rhf8 26. Ng5 h6 27. Nf3 Ke7 28. Bb3 Na6 29. Rac1 Rfc8 30. Nd4 Nd8 31. e4 dxe4 32. Be3 Nc5 33. Nf5+ exf5 34. Bxc5+ Ke8 35. e6 Ra6 36. e7 Ne6 37. Bxe6 Rxe6 38. Bd4 Rec6 39. Rxc6 Rxc6 40. Bxg7 Kxe7 41. g3 Kf7 42. Be5 Ke6 43. Bh8 Rc2 44. Rd8 Ra2 45. Re8+ Kf7 46. Re5 Rxa4 47. Rxf5+ Kg6 48. Rb5 Ra2 49. Bd4 Rd2 50. Be3 Ra2 51. h4 Ra3 52. h5+ Kg7 53. Rb6 b3 54. Bxh6+ Kh7 55. Be3 a4 56. Rb7+ Kg8 57. h6 Ra1+ 58. Kg2 Rd1 59. Bf4 Rd5 60. Rb4 Ra5 61. Bd2 a3 62. Rb8+ Kh7 63. Bxa5 b2 64. Bc3 e3 65. fxe3 Kxh6 66. Bxb2 a2 67. Ra8 1-0


[Site "https://www.chess.com"]

[Event "Titled Tuesday Blitz November 29 Late 2022"]
[White "Khandelwal, Ankush"]
[Black "Ezat, Mohamed"]
[WhiteFideId "413470"]
[BlackFideId "10600906"]
[WhiteElo "2271"]
[BlackElo "2386"]
[Result "1-0"]
[Round "10"]
[TimeControl "180+1"]
[Date "2022.11.30"]
[WhiteClock "0:01:31"]
[BlackClock "0:00:01"]

1. e4 d5 2. exd5 c6 3. dxc6 Nxc6 4. Nf3 e5 5. Bb5 Bd6 6. O-O f5 7. Re1 e4 8. d3 Nf6 9. dxe4 fxe4 10. Nc3 O-O 11. Nxe4 Nxe4 12. Qd5+ Kh8 13. Qxe4 Bf5 14. Qh4 Bxc2 15. Bg5 Qb6 16. Bc4 Bc5 17. Rac1 Bg6 18. b3 Rae8 19. Qg3 Be4 20. Be3 Bxf3 21. Bxc5 Qxc5 22. gxf3 Nd4 23. Rxe8 Rxe8 24. Kg2 Ne2 25. Re1 b5 26. Rxe2 1-0


[Site "https://www.chess.com"]

[Event "Titled Tuesday Blitz November 29 Late 2022"]
[White "Kovacevic, Radmila"]
[Black "Brown, Andrew"]
[WhiteFideId "933171"]
[BlackFideId "3206513"]
[WhiteElo "2208"]
[BlackElo "2245"]
[Result "0-1"]
[Round "10"]
[TimeControl "180+1"]
[Date "2022.11.30"]
[WhiteClock "0:00:19"]
[BlackClock "0:00:05"]

1. e4 g6 2. h4 h5 3. d4 Bg7 4. c3 c6 5. Bc4 d5 6. exd5 cxd5 7. Bb3 Nc6 8. Ne2 Nf6 9. Bg5 O-O 10. Nd2 b5 11. Nf4 b4 12. Bxf6 exf6 13. Bxd5 Re8+ 14. Kf1 Qd6 15. Qf3 Bg4 16. Nc4 Bxf3 17. Nxd6 Bxd5 18. Nxe8 Bc4+ 19. Kg1 Rxe8 20. cxb4 Nxd4 21. Rc1 Bxa2 22. Ra1 Bc4 23. Rxa7 Bh6 24. Nh3 Re2 25. Rd7 Nf5 26. b3 Bxb3 27. b5 Rb2 28. b6 Be6 29. Rb7 Kg7 30. Kh2 Nxh4 31. Re1 Nf5 32. Rxe6 Nd4 33. Ree7 g5 34. Rxf7+ Kg6 35. Rh7 g4 36. Nf4+ Bxf4+ 37. g3 Rxf2+ 38. Kg1 Bxg3 39. Rbg7+ Kf5 40. Rxh5+ Kf4 41. b7 Nf3+ 42. Kh1 Rf1+ 43. Kg2 Rg1# 0-1


[Site "https://www.chess.com"]

[Event "Titled Tuesday Blitz November 29 Late 2022"]
[White "Kowalski, Igor"]
[Black "Pranav, V"]
[WhiteFideId "1172468"]
[BlackFideId "25060783"]
[WhiteElo "2317"]
[BlackElo "2430"]
[Result "0-1"]
[Round "10"]
[TimeControl "180+1"]
[Date "2022.11.30"]
[WhiteClock "0:00:02"]
[BlackClock "0:00:15"]

1. d4 Nf6 2. Nf3 e6 3. g3 c5 4. Bg2 cxd4 5. O-O Nc6 6. Nxd4 Be7 7. c4 O-O 8. Nc3 a6 9. Bf4 Re8 10. Nb3 d6 11. Qd2 Nh5 12. Be3 Ne5 13. Qd4 Nc6 14. Qd2 Ne5 15. Qd4 Qc7 16. Rac1 Bd7 17. c5 d5 18. g4 Nc6 19. Qd2 Nf6 20. Bf4 Qd8 21. h3 Bf8 22. Na4 e5 23. Bg3 d4 24. e3 Be6 25. exd4 exd4 26. Rfd1 Bd5 27. Nxd4 Bxg2 28. Kxg2 Qd5+ 29. Nf3 Qxa2 30. Qc2 Nb4 31. Nc3 Qe6 32. Qa4 Nc6 33. Re1 Qc8 34. g5 Nd7 35. Nd5 Rxe1 36. Rxe1 Nxc5 37. Qc4 b5 38. Qc2 Qb7 39. b4 Ne6 40. Qe4 Rd8 41. h4 Na5 42. Nf6+ gxf6 43. bxa5 Qxe4 44. Rxe4 fxg5 45. hxg5 b4 46. Be5 Rd5 47. Bf6 Rxa5 48. Ne5 b3 49. Nc6 Rc5 0-1


[Site "https://www.chess.com"]

[Event "Titled Tuesday Blitz November 29 Late 2022"]
[White "Kuzmicz, Krystian"]
[Black "O`Gorman, Tom"]
[WhiteFideId "1119125"]
[BlackFideId "2508249"]
[WhiteElo "2380"]
[BlackElo "2271"]
[Result "1-0"]
[Round "10"]
[TimeControl "180+1"]
[Date "2022.11.30"]
[WhiteClock "0:00:15"]
[BlackClock "0:00:10"]

1. e4 c5 2. d3 Nc6 3. g3 g6 4. Bg2 Bg7 5. f4 d6 6. Nf3 e6 7. O-O Nge7 8. c3 O-O 9. Be3 Rb8 10. Bf2 b5 11. d4 cxd4 12. cxd4 d5 13. e5 a5 14. Nbd2 Ba6 15. Nb3 Qb6 16. Nc5 Rfd8 17. Rc1 b4 18. Re1 Bf8 19. g4 Rbc8 20. Bh3 Bh6 21. Qd2 Nb8 22. Be3 Nd7 23. Qf2 Nxc5 24. dxc5 Qb7 25. Qh4 Bg7 26. Nd4 Bd3 27. Bg2 Nc6 28. Qf2 Nxd4 29. Bxd4 Be4 30. Bf1 Bh6 31. g5 Bf8 32. Qe2 h6 33. h4 Rc6 34. Qb5 Qc7 35. Kh2 Rc8 36. gxh6 Bxh6 37. Kg3 Bf8 38. Qa4 Bxc5 39. Bb5 Qb6 40. Bxc6 Bxd4 41. Re2 Be3 42. Rce1 Bxf4+ 43. Kxf4 Rxc6 44. h5 Rc4 45. Kg5 Bf5 46. Qe8+ Kh7 47. Qxf7+ Kh8 48. Kh6 Qc7 49. Qf8# 1-0


[Site "https://www.chess.com"]

[Event "Titled Tuesday Blitz November 29 Late 2022"]
[White "Liu, Kelsey"]
[Black "Winkels, Marcel"]
[WhiteFideId "30944481"]
[BlackFideId "1003887"]
[WhiteElo "2266"]
[BlackElo "1900"]
[Result "1-0"]
[Round "10"]
[TimeControl "180+1"]
[Date "2022.11.30"]
[WhiteClock "0:00:37"]
[BlackClock "0:00:13"]

1. e4 c5 2. Nf3 d6 3. Nc3 Nf6 4. e5 dxe5 5. Nxe5 e6 6. Bb5+ Nbd7 7. d4 a6 8. Bxd7+ Bxd7 9. O-O Be7 10. Bg5 O-O 11. dxc5 Bc6 12. Nxc6 bxc6 13. Qf3 Nd5 14. Bxe7 Qxe7 15. Nxd5 cxd5 16. b4 a5 17. c3 d4 18. a3 Rad8 19. Rfd1 e5 20. c6 e4 21. Qg3 d3 22. b5 Qa7 23. c4 Qc5 24. Rac1 Rd4 25. Qe3 f5 26. b6 Qxb6 27. c5 Qd8 28. c7 Qd5 29. Rb1 Qxc5 30. Rbc1 1-0


[Site "https://www.chess.com"]

[Event "Titled Tuesday Blitz November 29 Late 2022"]
[White "Manelyuk, Daniil"]
[Black "Gerbelli Neto, Eduardo"]
[WhiteFideId "44173920"]
[BlackFideId "2103281"]
[WhiteElo "2209"]
[BlackElo "2178"]
[Result "1-0"]
[Round "10"]
[TimeControl "180+1"]
[Date "2022.11.30"]
[WhiteClock "0:02:12"]
[BlackClock "0:02:16"]

1. e4 e5 2. Nf3 Nc6 3. Bb5 a6 4. Ba4 d6 5. O-O Bg4 6. h3 h5 7. c3 Qf6 8. d3 Ne7 9. Bb3 Ng6 10. hxg4 Nf4 11. g5 Qg6 12. Bxf4 exf4 13. d4 Be7 14. e5 dxe5 15. Bc2 Qe6 16. d5 1-0


[Site "https://www.chess.com"]

[Event "Titled Tuesday Blitz November 29 Late 2022"]
[White "Martinez Ramirez, Lennis"]
[Black "Vlassov, Nikolai"]
[WhiteFideId "3509079"]
[BlackFideId "4103360"]
[WhiteElo "2439"]
[BlackElo "2324"]
[Result "1-0"]
[Round "10"]
[TimeControl "180+1"]
[Date "2022.11.30"]
[WhiteClock "0:01:01"]
[BlackClock "0:00:02"]

1. c4 e5 2. Nc3 Nf6 3. g3 Bb4 4. Bg2 O-O 5. e4 Bxc3 6. dxc3 d6 7. Qe2 Nc6 8. Nf3 Ne8 9. O-O f5 10. exf5 Bxf5 11. Ng5 Qf6 12. Bd5+ Kh8 13. f4 Qg6 14. fxe5 Nxe5 15. g4 h6 16. gxf5 Rxf5 17. Rxf5 Qxf5 18. Nf3 Nf6 19. Nxe5 dxe5 20. Bxb7 Rb8 21. Bg2 Nh5 22. Qe4 Qf6 23. b3 Rd8 24. Be3 Nf4 25. Rf1 g5 26. Bxf4 exf4 27. Qc2 Qe5 28. Qf2 a5 29. Bd5 Qxc3 30. Re1 Qg7 31. Re6 Rf8 32. Qc5 Rf6 33. Re8+ Kh7 34. Be4+ 1-0


[Site "https://www.chess.com"]

[Event "Titled Tuesday Blitz November 29 Late 2022"]
[White "Martinez Reyes, Pedro Ramon"]
[Black "Cardoso Cardoso, Jose Gabriel"]
[WhiteFideId "3901807"]
[BlackFideId "4430492"]
[WhiteElo "2354"]
[BlackElo "2484"]
[Result "0-1"]
[Round "10"]
[TimeControl "180+1"]
[Date "2022.11.30"]
[WhiteClock "0:00:11"]
[BlackClock "0:00:06"]

1. f4 g5 2. fxg5 d5 3. Nf3 Nc6 4. d4 Bf5 5. g3 h6 6. gxh6 Nxh6 7. Bg2 Qd7 8. c4 O-O-O 9. cxd5 Nb4 10. Na3 Nxd5 11. Ne5 Qe6 12. e4 Bxe4 13. Bxe4 f6 14. Bxh6 Bxh6 15. Qf3 Kb8 16. Ng6 Rhg8 17. O-O Ne3 18. d5 Qb6 19. Kh1 f5 20. Bxf5 Nxf5 21. Qxf5 Rxg6 22. Nc4 Qa6 23. b3 Rf6 24. Qe4 Bg5 25. h4 Rxf1+ 26. Rxf1 Bf6 27. Qe6 Qxa2 28. Rxf6 Qb1+ 29. Kh2 Qc2+ 30. Kh3 exf6 31. d6 cxd6 32. Qe7 Qf5+ 33. Kh2 Qd7 34. Qxf6 d5 35. Ne5 Qd6 36. Qf5 d4 37. Nd3 Qd5 38. Qf4+ Ka8 39. g4 Qxb3 40. Qe4 a5 41. h5 a4 42. Nc5 Qd5 43. Qxd5 Rxd5 44. h6 Rxc5 45. h7 Rc8 46. g5 d3 47. g6 d2 48. g7 d1=Q 49. g8=Q Qc2+ 50. Kg3 Qc3+ 51. Kf4 Qc4+ 52. Qxc4 Rxc4+ 53. Kg5 Rc8 0-1


[Site "https://www.chess.com"]

[Event "Titled Tuesday Blitz November 29 Late 2022"]
[White "Melian, Juan Sebastian"]
[Black "Urazayev, Arystanbek"]
[WhiteFideId "3706575"]
[BlackFideId "13709810"]
[WhiteElo "2044"]
[BlackElo "2441"]
[Result "1-0"]
[Round "10"]
[TimeControl "180+1"]
[Date "2022.11.30"]
[WhiteClock "0:00:06"]
[BlackClock "0:00:07"]

1. d4 Nf6 2. c4 g6 3. Nc3 Bg7 4. e4 d6 5. f3 O-O 6. Be3 c5 7. Nge2 Nc6 8. Qd2 cxd4 9. Nxd4 Bd7 10. Be2 Rc8 11. O-O a6 12. Rfd1 Nxd4 13. Bxd4 Bc6 14. Rac1 Nd7 15. b4 Bxd4+ 16. Qxd4 Nf6 17. Kh1 Bd7 18. e5 dxe5 19. Qxe5 Qe8 20. Nd5 Nxd5 21. cxd5 Bb5 22. Rxc8 Qxc8 23. Bxb5 axb5 24. Qxe7 Qc2 25. Qe1 Rd8 26. d6 Qc6 27. d7 Qe6 28. Qc3 h5 29. Qc7 Qe7 30. a3 b6 31. Qc6 Qg5 32. Re1 Kh7 33. h3 Qd2 34. Re7 Kg7 35. Qc7 h4 36. Qe5+ Kh6 37. Rxf7 Qd1+ 38. Kh2 Qd2 39. Qg7+ Kh5 40. Qh7+ Qh6 41. Qxh6+ Kxh6 42. Re7 Kg5 43. Re5+ Kf6 44. Rxb5 Rxd7 45. Rxb6+ Kg5 46. a4 Rd2 47. a5 Ra2 48. a6 Kf5 49. Rb5+ Kf4 50. Ra5 Rb2 51. a7 Ke3 52. a8=Q Kf2 53. Qa7+ Kf1 54. Ra1+ Ke2 55. Ra2 Rxa2 56. Qxa2+ Kf1 57. g3 g5 58. gxh4 gxh4 59. f4 Ke1 60. Kg2 Kd1 61. Kf3 Ke1 62. Qe2# 1-0


[Site "https://www.chess.com"]

[Event "Titled Tuesday Blitz November 29 Late 2022"]
[White "Miller, Luke C"]
[Black "Koellner, Ruben Gideon"]
[WhiteFideId "2096935"]
[BlackFideId "12993093"]
[WhiteElo "2437"]
[BlackElo "2303"]
[Result "0-1"]
[Round "10"]
[TimeControl "180+1"]
[Date "2022.11.30"]
[WhiteClock "0:00:03"]
[BlackClock "0:00:16"]

1. e4 d6 2. d4 Nf6 3. Nc3 e5 4. Nf3 Nbd7 5. Bc4 Be7 6. O-O c6 7. a4 h6 8. Re1 Qc7 9. a5 Nf8 10. b4 Ng6 11. Qd3 O-O 12. b5 a6 13. bxa6 bxa6 14. Bd2 Rd8 15. Na4 d5 16. exd5 cxd5 17. Nb6 Ra7 18. dxe5 dxc4 19. Qxc4 Qxc4 20. Nxc4 Nd5 21. Nd4 Rc7 22. Nb6 Bc5 23. Nxd5 Rxd5 24. Nb3 Be6 25. c4 Rd3 26. Rab1 Bxc4 27. Nxc5 Rxc5 28. Rb8+ Kh7 29. Bb4 Rxe5 30. Rc1 Rb5 31. Rxb5 Bxb5 32. h3 Nf4 33. Be1 Ne2+ 0-1


[Site "https://www.chess.com"]